 Dungeon Crawl Stone Soup version 0.30.0-10-gfe55d96785 (webtiles) character file.

Game seed: 8913657401679126500

142 Edyrem the Chopper (level 5, -3/53 HPs)
             Began as an Ogre Gladiator on May 16, 2023.
             Slain by a gnoll
             ... wielding a +0 halberd
              (11 damage)
             ... on level 2 of the Dungeon.
             The game lasted 00:03:34 (1819 turns).

Edyrem the Chopper (Ogre Gladiator)                 Turns: 1819, Time: 00:03:34

Health: -3/53      AC:  3    Str: 20    XL:     5   Next: 25%
Magic:  5/5        EV: 10    Int:  9    God:
Gold:   79         SH:  0    Dex: 10    Spells: 4/4 levels left

rFire   + . .        a - +2 war axe (heavy)
rCold   + . .        (no shield)
rNeg    . . .        b - +0 robe
rPois   .            c - +0 hat
rElec   .            f - scarf {rC+ rF+}
rCorr   .            (gloves unavailable)
SInv    +            (boots unavailable)
Will    .....        (no amulet)
Stlth   +            h - ring of see invisible
HPRegen 0.28/turn    (no ring)
MPRegen 0.09/turn

%: no passive effects
@: no status effects
A: large, unfitting armour, tough skin 1
a: no special abilities


You were on level 2 of the Dungeon.
You visited 1 branch of the dungeon, and saw 2 of its levels.

You collected 100 gold pieces.
You spent 21 gold pieces at shops.

Inventory:

Hand Weapons
 a - a +2 heavy war axe (weapon)
 q - a +0 war axe
Missiles
 d - 3 throwing nets
 e - a large rock
 j - 3 poisoned darts (quivered)
 o - 2 datura-tipped darts
Armour
 b - a +0 robe (worn)
 c - a +0 hat (worn)
 f - a scarf of resistance (worn)
Jewellery
 h - a ring of see invisible (left hand)
Wands
 t - a wand of polymorph (4)
Scrolls
 g - a scroll of teleportation {unknown}
 i - 3 scrolls of identify {unknown}
 k - 2 scrolls of enchant armour {unknown}
 m - a scroll of immolation {unknown}
 p - a scroll of fear {unknown}
Potions
 l - a potion of haste {unknown}
 n - a potion of invisibility {unknown}
 r - 2 potions of attraction {unknown}
 s - a potion of heal wounds {unknown}
 u - a potion of ambrosia {unknown}


   Skills:
 + Level 3.5 Fighting
 + Level 5.2 Axes
 - Level 2.0 Throwing
 + Level 3.1 Dodging


You had 4 spell levels left.
You didn't know any spells.
Your spell library contained the following spells:

 Spells                   Type           Power      Damage    Failure   Level
 Beastly Appendage        Tmut           0%         N/A       38%         1
 Wereblood                Tmut           0%         N/A       52%         2
 Spider Form              Tmut/Pois      0%         N/A       77%         3


Dungeon Overview and Level Annotations

Branches:
Dungeon (2/15)

Altars:

Shops:
D:2 *


Innate Abilities, Weirdness & Mutations

You are too large for most types of armour.
You have tough skin. (AC +1)


Message History

The ball python bites you but does no damage.
You completely miss the ball python. The ball python barely misses you.
The ball python bites you but does no damage.
You hit the ball python.
You kill the ball python!
No target in view!
A gnoll comes into view. It is wielding a +0 halberd.
The gnoll shouts!
The gnoll moves out of view.
A gnoll comes into view. It is wielding a +0 club.
A gnoll is nearby!
The gnoll shouts!
A gnoll comes into view. It is wielding a +0 club.
The gnoll shouts!
You slash the gnoll!
The gnoll is almost dead.
You hear a shout!
The gnoll barely misses you. The gnoll hits you with a +0 club.
The gnoll hits you from afar with a +0 halberd!
You are too injured to fight recklessly!
You are too injured to fight recklessly!
You are too injured to fight recklessly!
You are too injured to fight recklessly!
The gnoll closely misses you. x2
A gnoll comes into view. It is wielding a +0 halberd.
You closely miss the gnoll. You hit the gnoll.
You kill the gnoll!
The gnoll hits you with a +0 halberd.
You closely miss the gnoll. The gnoll hits you with a +0 halberd.
The gnoll hits you from afar with a +0 halberd.
The gnoll hits you from afar with a +0 halberd!
* * * LOW HITPOINT WARNING * * *
The gnoll barely misses you.
You slash the gnoll!
The gnoll is severely wounded.
The gnoll hits you with a +0 halberd.
* * * LOW HITPOINT WARNING * * *
The gnoll misses you. The gnoll closely misses you.
The gnoll hits you with a +0 halberd!
You die...

.................................
.####..###.#######.# #.#.###)####
.# ##.# #.# #.......# # .#
#.##### #.#####.#### .# #....#
#.......'..∩ .# #.##.####
########.#### .###....#....# ..
....... ...#....####.#####g#####
###.###. ...#.......†....@gg.....
...... ...#....###...#)##......
#.###. ...#....# #...#..# .....
... .. ...#....# #........ ....
#.###. ...## #......... ... #.#
#. ....# #............. #.# #.
....# #........... . #.# #. ....#
#........... #.# #. ....# #.# #.


You could see 3 gnolls.

Vanquished Creatures
  Natasha (thrice) (D:2)
  An adder (D:2)
  A gnoll (D:2)
  2 dart slugs
  3 ball pythons
  5 bats
  2 endoplasms
  5 giant cockroaches
  4 goblins (D:2)
  A hobgoblin (D:2)
  4 jackals (D:1)
  2 quokkas
  2 frilled lizards
  5 kobolds
  6 rats
46 creatures vanquished.

Notes
Turn   | Place    | Note
-------+----------+-------------------------------------------
     0 | D:1      | Edyrem the Ogre Gladiator began the quest for the Orb.
     0 | D:1      | Reached XP level 1. HP: 22/22 MP: 1/1
    44 | D:1      | Reached XP level 2. HP: 11/29 MP: 2/2
   452 | D:1      | Reached skill level 4 in Axes
   730 | D:1      | Reached XP level 3. HP: 36/36 MP: 3/3
  1085 | D:2      | Found Gonwujua's General Store.
  1089 | D:2      | Bought 2 datura-tipped darts for 21 gold pieces
  1150 | D:2      | Noticed Natasha
  1156 | D:2      | Killed Natasha
  1157 | D:2      | Reached XP level 4. HP: 18/44 MP: 4/4
  1178 | D:2      | Noticed Natasha
  1404 | D:2      | Killed Natasha
  1405 | D:2      | Reached skill level 5 in Axes
  1588 | D:2      | Noticed Natasha
  1619 | D:2      | Killed Natasha
  1620 | D:2      | Reached XP level 5. HP: 18/53 MP: 5/5
  1819 | D:2      | Slain by a gnoll

Illustrated notes

Levels and vault maps discovered:
D:1:      ncdulo_lavacross, layout_basic
D:2:      layout_basic, serial_shops, nicolae_shop_hallway_stairs,
          minmay_fractal_squares_5, uniq_natasha

Skill      XL: |  1  2  3  4 |
---------------+-------------+-----
Axes           | 4 5 |  5.2
Fighting       | 3 |  3.5
Dodging        | 3 |  3.1
Throwing       | |  2.0

Action                     |  1- 3 |  4- 6 || total
---------------------------+-------+-------++-------
  Melee: War axe           |    90 |    40 ||   130
         Unarmed           |       |     5 ||     5
  Throw: Dart              |     3 |       ||     3
   Stab: Sleeping          |     1 |       ||     1
         Confused          |       |     1 ||     1
 Armour: Robe              |    35 |    12 ||    47
         Skin              |       |     1 ||     1
  Dodge: Dodged            |    65 |    29 ||    94
